 Dungeon Crawl Stone Soup version 0.30.0-30-g96aa6591b8 (webtiles) character file.

Game seed: 11008344629389963463

516 cdecastro the Trooper (level 7, 0/67 (72) HPs)
             Began as a Troll Fighter on June 26, 2023.
             Killed by divine providence
             ... invoked by an orc priest
              (12 damage)
             ... on level 4 of the Dungeon.
             The game lasted 00:04:55 (2884 turns).

cdecastro the Trooper (Troll Fighter)               Turns: 2884, Time: 00:04:55

HP:   0/67 (72)     AC:  4    Str: 25    XL:     7   Next: 0%
MP:   6/6           EV:  9    Int:  4    God:
Gold: 174           SH:  9    Dex: 17    Spells: 6/6 levels left

rFire   . .          .
                       - Unarmed
rCold   . . .        b - +0 kite shield
rNeg    . . .        u - +0 animal skin
rPois   .            (helmet restricted)
rElec   .            (no cloak)
rCorr   .            (gloves unavailable)
SInv    .            (boots unavailable)
Will    .....        (no amulet)
Stlth   ++           z - +6 ring of dexterity
HPRegen 1.11/turn    (no ring)
MPRegen 0.10/turn

%: no passive effects
@: mighty, drained
A: large, unfitting armour, claws 3, regeneration 1, shaggy fur 1, tough skin 1
a: no special abilities


You were on level 4 of the Dungeon.
You visited 1 branch of the dungeon, and saw 4 of its levels.

You collected 174 gold pieces.

Inventory:

Missiles
 q - 9 boomerangs (quivered)
 t - 5 poisoned darts
Armour
 b - a +0 kite shield (worn)
 u - a +0 animal skin (worn)
Jewellery
 z - a +6 ring of dexterity (left claw)
 A - a +4 ring of slaying
Scrolls
 e - a scroll of fear {unknown}
 g - a scroll of magic mapping {unknown}
 j - 2 scrolls of noise {unknown}
 k - 2 scrolls of poison {unknown}
 l - 5 scrolls of identify {unknown}
 m - a scroll of teleportation {unknown}
 n - a scroll of immolation {unknown}
 o - 2 scrolls of silence {unknown}
 p - 2 scrolls of fog {unknown}
 v - a scroll of enchant armour {unknown}
 y - a scroll of summoning {unknown}
Potions
 a - 2 potions of brilliance {unknown}
 d - 2 potions of lignification {unknown}
 f - 2 potions of flight {unknown}
 h - a potion of cancellation {unknown}
 i - a potion of mutation {unknown}
 r - a potion of curing {unknown}
 s - a potion of berserk rage {unknown}
 w - 2 potions of magic {unknown}
 x - a potion of ambrosia {unknown}


   Skills:
 * Level 5.6 Fighting
 - Level 2.4 Dodging
 - Level 2.6 Shields
 + Level 4.6 Unarmed Combat


You had 6 spell levels left.
You didn't know any spells.
Your spell library was empty.

Dungeon Overview and Level Annotations

Branches:
Dungeon (4/15)
 Temple: D:4-7

Altars:

Annotations:
D:2 1 runed translucent door, Crazy Yiuf
D:3 2 runed translucent doors, Klingon's ghost, amateur MiFi


Innate Abilities, Weirdness & Mutations

You are too large for most types of armour.
You have claws for hands.
Your natural rate of healing is unusually fast.
You are covered in fur. (AC +1)
You have tough skin. (AC +1)


Message History

The gnoll hits you with a +0 spear!
The orc priest calls down the wrath of Beogh upon you.
Beogh smites you!
You barely miss the gnoll.
The gnoll is almost dead.
You block the gnoll's attack.
The orc priest calls down the wrath of Beogh upon you.
Beogh smites you!
* * * LOW HITPOINT WARNING * * *
You claw the gnoll!
You kill the gnoll!
A gnoll comes into view. It is wielding a +0 flail.
You scratch the gnoll bouda.
The gnoll bouda is moderately wounded.
The gnoll bouda hits you with a +0 club.
* * * LOW HITPOINT WARNING * * *
You scratch the gnoll bouda.
The gnoll bouda is moderately wounded.
The gnoll bouda hits you with a +0 club!
* * * LOW HITPOINT WARNING * * *
You claw the gnoll bouda!
The gnoll bouda is almost dead.
The gnoll bouda gazes fiercely through you!
You feel your attacks grow feeble. You block the gnoll bouda's attack.
You scratch the gnoll bouda but do no damage.
The gnoll bouda is almost dead.
The orc priest looks encouraged for a moment.
The gnoll bouda hits you with a +0 club!
* * * LOW HITPOINT WARNING * * *
You claw the gnoll bouda!
You kill the gnoll bouda!
You have reached level 7!
You feel very mighty all of a sudden.
Your attacks no longer feel as feeble.
You block the orc priest's attack.
You claw the orc priest!
The orc priest is almost dead.
The orc priest calls down the wrath of Beogh upon you.
Beogh smites you!
You die...

♣♣♣♣ ♣♣[...♣ ♣♣.♣ ♣.♣
...♣♣♣♣♣♣ ♣..^♣♣♣ ♣♣.♣♣
g ♣♣♣.♣...♣♣♣...♣ ♣g♣♣
♣♣.♣♣......♣♣ ♣♣.†♣
♣♣♣♣♣♣♣♣♣♣♣ ♣♣♣..♣♣
♣.g.♣♣ ## ♣.♣♣♣
.####################.#
.....)).(.......@ogg..#
#######################


You could see an orc priest and 2 gnolls.

Vanquished Creatures
  An ogre (D:3)
  A scorpion (D:3)
  A hound (D:4)
  An orc priest (D:4)
  A gnoll bouda (D:4)
  An iguana (D:3)
  3 orc wizards
  Robin (D:2)
  6 gnolls (D:4)
  2 adders
  A worm (D:3)
  2 dart slugs
  6 orcs
  3 endoplasms
  3 giant cockroaches
  9 hobgoblins
  3 jackals (D:1)
  2 quokkas (D:1)
  5 ball pythons
  5 bats
  3 frilled lizards
  17 goblins
  11 kobolds
  12 rats
100 creatures vanquished.

Notes
Turn   | Place    | Note
-------+----------+-------------------------------------------
     0 | D:1      | cdecastro the Troll Fighter began the quest for the Orb.
     0 | D:1      | Reached XP level 1. HP: 22/22 MP: 0/0
   210 | D:1      | Reached XP level 2. HP: 28/29 MP: 1/1
   379 | D:1      | Reached skill level 3 in Fighting
   697 | D:1      | Reached XP level 3. HP: 33/37 MP: 2/2
  1068 | D:2      | Found a runed translucent door.
  1069 | D:2      | Noticed Crazy Yiuf
  1106 | D:2      | Noticed Robin
  1127 | D:2      | Killed Robin
  1132 | D:2      | Reached XP level 4. HP: 46/46 MP: 3/3
  1685 | D:3      | Noticed a scorpion
  1965 | D:3      | Reached skill level 4 in Fighting
  2008 | D:3      | Noticed an ogre
  2013 | D:3      | Killed an ogre
  2014 | D:3      | Reached XP level 5. HP: 38/55 MP: 4/4
  2150 | D:3      | Found a runed translucent door.
  2150 | D:3      | Noticed Klingon's ghost (amateur MiFi)
  2194 | D:3      | Found a runed translucent door.
  2277 | D:3      | Reached XP level 6. HP: 51/65 MP: 5/5
  2526 | D:4      | Reached skill level 5 in Fighting
  2883 | D:4      | Reached XP level 7. HP: 9/67 MP: 6/6
  2884 | D:4      | Killed from afar by an orc priest

Illustrated notes

Levels and vault maps discovered:
D:1:      elethiomel_arrival_diamonds, layout_loops_ring
D:2:      layout_rooms, uniq_crazy_yiuf_cottage, uniq_robin
D:3:      layout_basic, ebering_ghost_sewer_f, minmay_starry_boxes
D:4:      kb_forest_paths, layout_basic

Skill      XL: |  1  2  3  4  5  6 |
---------------+-------------------+-----
Fighting       | 3 4 5 |  5.6
Unarmed Combat | 3 4 |  4.6
Dodging        | |  2.4
Shields        | |  2.6

Action                     |  1- 3 |  4- 6 |  7- 9 || total
---------------------------+-------+-------+-------++-------
  Melee: Unarmed           |   101 |   172 |     1 ||   274
    Use: Potion            |       |       |     1 ||     1
   Stab: Distracted        |       |     1 |       ||     1
         Sleeping          |       |     1 |       ||     1
 Armour: Robe              |    23 |     5 |       ||    28
         Animal skin       |       |    16 |       ||    16
  Dodge: Dodged            |    33 |    33 |       ||    66
  Block: Kite shield       |    36 |    58 |     1 ||    95
